AoeStats
← Alberto

Arena

508541723Analyzed
1v1 RM · 9d ago on Sep 22, 2026· 43m 35s· 2 players
Game mode
Random Map
Map size
Tiny (2 player)
Population
200
Speed
Normal
Resources
Standard
Victory
Conquest
Starting age
Dark Age
Ending age
Imperial Age
RankedLock teamsTeams togetherTeam positionsShared explorationLock speedFull tech treeHidden civsTurbo modeCheats
Victory
Defeat
🇵🇪 Inca · Peru
812
+13
🇪🇸 Turks · Spain
756
-13
Alberto
10:46 Feudal Age
11:13 Horse Collar
11:19 Double-Bit Axe
11:32 Gold Mining
16:58 Wheelbarrow
19:28 Castle Age
20:50 Heavy Plow
21:02 Bow Saw
21:14 Hand Cart
35:21 Loom
41:07 Stone Mining
luis.meneses
10:05 Feudal Age
9:04 Loom
16:41 Castle Age
17:55 Forging
17:45 Scale Mail Armor
22:44 Town Watch
23:36 Wheelbarrow
30:56 Fletching
31:28 Town Patrol
38:02 Hand Cart
Connection lost

Rejoining the realm…

Still unreachable

The connection could not be restored.

Session expired

The server has moved on; the page needs a fresh start.